 Dungeon Crawl Stone Soup version 0.20.1-1-g8b1a95d (console) character file.

665 hilaritas the Chopper (level 7, -1/52 HPs)
             Began as a Formicid Fighter on Aug 18, 2017.
             Slain by bgiannan's ghost (13 damage)
             ... on level 5 of the Dungeon.
             The game lasted 00:08:53 (3440 turns).

hilaritas the Chopper (Formicid Fighter)            Turns: 3440, Time: 00:08:54

Health: -1/52      AC: 12    Str: 28    XL:     7   Next: 88%
Magic:  7/7        EV:  6    Int:  7    God:
Gold:   194        SH: 18    Dex: 10    Spells: 6/6 levels left

rFire    + . .     SeeInvis +   a - +1 war axe
rCold    . . .     Gourm    .   c - +1 shield
rNeg     . . .     Faith    .   z - +0 plate armour
rPois    .         Spirit   .   (helmet unavailable)
rElec    .         Reflect  +   s - +0 cloak
rCorr    .         Harm     .   (no gloves)
MR       .....                  (no boots)
Stlth    ..........             j - +6 amulet of reflection
Regen    0.2/turn               (no ring)
MPRegen  0.1/turn               x - ring of protection from fire

@: mighty
A: permanent stasis, dig shafts and tunnels, four strong arms, antennae 3
a: Dig, Shaft Self


You were on level 5 of the Dungeon.
You were not hungry.

You visited 1 branch of the dungeon, and saw 5 of its levels.

You collected 194 gold pieces.

Inventory:

Hand Weapons
 a - a +1 war axe (weapon)
 t - a +0 hand axe
 A - a +2 whip of electrocution
Missiles
 k - 3 tomahawks (quivered)
Armour
 c - a +1 shield (worn)
 s - a +0 cloak (worn)
 z - a +0 plate armour (worn)
Jewellery
 j - a +6 amulet of reflection (around neck)
 v - an uncursed ring of stealth
 x - a ring of protection from fire (right hand)
Wands
 n - a wand of confusion (45/48)
Scrolls
 i - a scroll of enchant armour
 m - 4 scrolls of identify
 u - a scroll of magic mapping
Potions
 d - a potion of might
 e - a potion of ambrosia {unknown}
 g - a potion of haste {unknown}
 o - a potion of agility {unknown}
 p - a potion of mutation {unknown}
 q - a potion of heal wounds {unknown}
 r - 2 potions of curing {unknown}
 w - 2 potions of resistance {unknown}
Comestibles
 b - 6 chunks of flesh
 f - 3 bread rations
 h - 3 meat rations


   Skills:
 - Level 3.2 Fighting
 * Level 7.3 Axes
 - Level 3.2 Armour
 + Level 5.7 Shields


You had 6 spell levels left.
You didn't know any spells.

Dungeon Overview and Level Annotations

Branches:
Dungeon (5/15)
 Temple: D:4-7

Altars:
Sif Muna

Annotations:
D:5 bgiannan's ghost, novice HOFi


Innate Abilities, Weirdness & Mutations

You cannot be hasted, slowed, berserked, paralysed or teleported.
You can dig through walls and to a lower floor.
Your four strong arms can wield two-handed weapons with a shield.
You have a pair of large antennae on your head. (SInv)


Message History

This raw flesh tastes terrible.
You feel a little less mighty now.
You start resting.
Bgiannan's ghost (novice Hill Orc Fighter) comes into view.
Bgiannan's ghost turns its malevolent gaze towards you.
You completely miss bgiannan's ghost. Bgiannan's ghost hits you!
* * * LOW HITPOINT WARNING * * *
You block bgiannan's ghost's attack.
You feel very mighty all of a sudden. You block bgiannan's ghost's attack.
You slash bgiannan's ghost!
Bgiannan's ghost is lightly damaged.
Bgiannan's ghost barely misses you.
Your plate armour prevents you from hitting bgiannan's ghost.
Bgiannan's ghost is lightly damaged.
You block bgiannan's ghost's attack.
You hit bgiannan's ghost but do no damage.
Bgiannan's ghost is lightly damaged.
Bgiannan's ghost hits you!
You die...

#... . #... .#.#
#... ##.#?#.
#...######.......
#............#
####...##...<...##.
.......)...(........
...(...)[...........
........(..@W.......
####...............#
#...##.####.#.#.8
#... #.. .#.... #...
#### ## 8. #... #...


You could see bgiannan's ghost.

Vanquished Creatures
  2 ogres
  2 scorpions
  Crazy Yiuf (D:2)
  A bullfrog skeleton (D:4)
  A centaur skeleton (D:4)
  A hound (D:4)
  2 orc wizards
  9 adders
  4 gnolls (D:2)
  A worm (D:4)
  2 dart slugs (D:1)
  A leopard gecko (D:2)
  15 orcs
  2 giant cockroaches (D:3)
  9 goblins
  8 hobgoblins
  3 jackals (D:2)
  3 quokkas
  10 bats
  5 frilled lizards
  6 kobolds
  9 rats
97 creatures vanquished.

Notes
Turn   | Place    | Note
-------+----------+-------------------------------------------
     0 | D:1      | hilaritas the Formicid Fighter began the quest for the Orb.
     0 | D:1      | Reached XP level 1. HP: 18/18 MP: 1/1
    80 | D:1      | Reached XP level 2. HP: 24/24 MP: 2/2
   527 | D:1      | Reached XP level 3. HP: 29/29 MP: 3/3
   864 | D:1      | Reached skill level 3 in Axes
  1362 | D:2      | Reached XP level 4. HP: 31/35 MP: 4/4
  1632 | D:2      | Found a runed door.
  1696 | D:2      | Reached skill level 4 in Axes
  1706 | D:2      | Reached XP level 5. HP: 27/41 MP: 5/5
  1887 | D:2      | Noticed Crazy Yiuf
  1892 | D:2      | Killed Crazy Yiuf
  2265 | D:3      | Reached skill level 5 in Axes
  2267 | D:3      | Reached XP level 6. HP: 47/47 MP: 6/6
  2319 | D:3      | Reached skill level 5 in Shields
  2713 | D:3      | Found a deep blue altar of Sif Muna.
  2787 | D:4      | Got a translucent lajatang
  2847 | D:4      | Reached skill level 6 in Axes
  2901 | D:4      | Identified the +2 lajatang of Xedooc {slice, Str-5 Dex+4} (You found it on level 4 of the Dungeon)
  2915 | D:4      | Reached XP level 7. HP: 52/52 MP: 7/7
  3349 | D:5      | Entered Level 5 of the Dungeon
  3365 | D:5      | Reached skill level 7 in Axes
  3433 | D:5      | Noticed bgiannan's ghost (novice HOFi)
  3440 | D:5      | Slain by bgiannan's ghost

Skill      XL: |  1  2  3  4  5  6  7 |
---------------+----------------------+-----
Shields        | 4 5 |  5.7
Axes           | 3 4 5 6 7 |  7.3
Fighting       | |  3.2
Armour         | |  3.2

Action                   |  1- 3 |  4- 6 |  7- 9 || total
-------------------------+-------+-------+-------++-------
Melee: War axe           |   122 |   134 |    45 ||   301
Evoke: Wand              |       |       |     1 ||     1
  Use: Scroll            |       |     6 |     1 ||     7
       Potion            |       |       |     2 ||     2
  Eat: Chunk             |     2 |     4 |     3 ||     9
Armor: Scale mail        |    75 |    72 |       ||   147
       Plate armour      |       |     1 |    11 ||    12
Dodge: Dodged            |    56 |    50 |     7 ||   113
Block: Shield            |    92 |    88 |    35 ||   215
       Reflection        |       |       |     3 ||     3
